 Dungeon Crawl Stone Soup version 0.25-a0-729-g14964f1db5 (webtiles) character file.

Game seed: 12473923776787761545, levelgen mode: deterministic

148 Alfie the Shooter (level 5, 0/45 HPs)
             Began as a Minotaur Hunter on Apr 7, 2020.
             Slain by a gnoll
             ... wielding a +0 halberd
              (5 damage)
             ... on level 3 of the Dungeon.
             The game lasted 00:08:39 (1446 turns).

Alfie the Shooter (Minotaur Hunter)                 Turns: 1446, Time: 00:08:40

Health: 0/45       AC:  3    Str: 18    XL:     5   Next: 8%
Magic:  4/4        EV: 12    Int:  8    God:
Gold:   99         SH:  0    Dex: 10    Spells: 4/4 levels left

rFire    . . .     SeeInvis .   b - +2 short sword
rCold    . . .     Gourm    .   (no shield)
rNeg     . . .     Faith    .   c - +0 leather armour
rPois    .         Spirit   .   (helmet restricted)
rElec    .         Reflect  .   (no cloak)
rCorr    .         Harm     .   (no gloves)
MR       .....                  (no boots)
Stlth    +.........             (no amulet)
HPRegen  0.15/turn              (no ring)
MPRegen  0.09/turn              (no ring)

@: no status effects
A: retaliatory headbutt, horns 2
a: no special abilities


You were on level 3 of the Dungeon.
You were not hungry.

You visited 1 branch of the dungeon, and saw 3 of its levels.

You collected 99 gold pieces.

Inventory:

Hand Weapons
 a - a +2 shortbow
 b - a +2 short sword (weapon)
Armour
 c - a +0 leather armour (worn)
Jewellery
 e - an uncursed ring of magical power
 r - an uncursed amulet of faith {unknown}
Scrolls
 h - a scroll of immolation {unknown}
 j - a scroll of identify
 k - a scroll of blinking
 n - a scroll of enchant weapon
 p - a scroll of magic mapping
 q - a scroll of teleportation
Potions
 g - a potion of flight {unknown}
 i - a potion of cancellation {unknown}
 l - a potion of ambrosia {unknown}
 m - a potion of heal wounds
 o - a potion of curing {unknown}
Comestibles
 f - 4 rations


   Skills:
 + Level 3.0 Fighting
 + Level 1.0 Short Blades
 + Level 6.2 Bows
 + Level 1.4 Armour
 + Level 2.7 Dodging
 + Level 1.0 Stealth


You had 4 spell levels left.
You didn't know any spells.
Your spell library was empty.

Dungeon Overview and Level Annotations

Branches:
Dungeon (3/15)

Altars:
Uskayaw

Annotations:
D:3 Grinder


Innate Abilities, Weirdness & Mutations

You reflexively headbutt those who attack you in melee.
You have a pair of horns on your head.


Message History

You barely miss the gnoll. You headbutt the gnoll.
The gnoll is heavily wounded.
The gnoll closely misses you.
You barely miss the gnoll.
The gnoll is heavily wounded.
The gnoll barely misses you.
You completely miss the gnoll.
The gnoll is heavily wounded.
The gnoll hits you with a cursed -3 whip.
Grinder blinks!
The gnoll misses you.
You hit the gnoll.
The gnoll is almost dead.
The gnoll closely misses you.
Grinder blinks!
The gnoll hits you from afar with a +0 halberd!
* * * LOW HITPOINT WARNING * * *
You hit the gnoll but do no damage. You headbutt the gnoll.
You kill the gnoll!
Your Short Blades skill increases to level 1!
The gnoll hits you with a +0 halberd.
You die...

≈.####(#..##≈≈≈≈≈≈,,≈≈≈≈≈≈≈***≈≈≈
..####.##.##.##≈≈≈,,≈≈≈≈≈≈≈≈≈≈≈≈≈
.............)#**≈,,≈≈≈≈≈≈≈≈≈≈≈≈≈
..####........# *8,,8*≈≈≈≈≈≈≈≈≈≈≈
..# ####.###.# *8,,85..,≈≈≈≈≈≈≈*
..# ###.###.# *,,,..#****,**,**
..# #.....#.# *,,.((# *,**,*
..#####.#.#.#.####§.#,* *,**,**
................@g.(#,* *,**,,,
..#####.#.#.#.#####.#,*****,,,,,*
..# #.....#.# *,*,,,,**,***<*
..#######.###†#####.#,,,,,,,* *,,
.....................,,,,,,,***,,
.############..####.#***,**,,,,,*
)# #.## *,****,**,***** .# #.#
*,,,,,,,,,* * ## #.# ******,****
*


You could see Grinder and a gnoll.

Vanquished Creatures
  Jessica (D:2)
  5 adders
  2 gnolls (D:3)
  A dart slug (D:1)
  A leopard gecko (D:2)
  An orc (D:3)
  3 giant cockroaches
  9 goblins
  4 hobgoblins
  4 jackals (D:1)
  A ball python (D:1)
  10 bats
  4 frilled lizards
  5 kobolds
  7 rats
58 creatures vanquished.

Notes
Turn   | Place    | Note
-------+----------+-------------------------------------------
     0 | D:1      | Alfie the Minotaur Hunter began the quest for the Orb.
     0 | D:1      | Reached XP level 1. HP: 18/18 MP: 0/0
    67 | D:1      | Reached XP level 2. HP: 25/25 MP: 1/1
    79 | D:1      | Reached skill level 5 in Bows
   448 | D:1      | Reached XP level 3. HP: 30/30 MP: 2/2
   681 | D:2      | Noticed Jessica
   691 | D:2      | Killed Jessica
   691 | D:2      | Reached skill level 1 in Armour
   691 | D:2      | Reached XP level 4. HP: 21/37 MP: 3/3
   757 | D:2      | Noticed a +0 dagger
   758 | D:2      | Found a hide-covered altar of Uskayaw.
   758 | D:2      | Noticed a +0 hand axe
   770 | D:2      | Reached skill level 6 in Bows
  1255 | D:3      | Reached skill level 1 in Stealth
  1424 | D:3      | Reached XP level 5. HP: 45/45 MP: 4/4
  1425 | D:3      | Noticed Grinder
  1428 | D:3      | Paralysed by Grinder for 3 turns
  1445 | D:3      | Reached skill level 1 in Short Blades
  1446 | D:3      | Slain by a gnoll

Levels and vault maps discovered:
D:1:      dpeg_arrival_tiny_k, layout_rooms, minmay_cupped
D:2:      layout_loops_ring, dancing_weapons_uskayaw, uniq_jessica
D:3:      wander_river, layout_loops_ring, first_ration,
          evilmike_ruin_ashenzari, uniq_grinder

Skill      XL: |  1  2  3  4  5 |
---------------+----------------+-----
Bows           | 5 6 |  6.2
Armour         | 1 |  1.4
Stealth        | 1 |  1.0
Fighting       | 3 |  3.0
Short Blades   | 1 |  1.0
Dodging        | |  2.7

Action                   |  1- 3 |  4- 6 || total
-------------------------+-------+-------++-------
Melee: Short sword       |    39 |    34 ||    73
       Headbutt          |     3 |     6 ||     9
 Fire: Shortbow          |    43 |    25 ||    68
  Use: Scroll            |     4 |     3 ||     7
  Eat: Ration            |       |     1 ||     1
Armor: Leather armour    |    21 |    15 ||    36
Dodge: Dodged            |    39 |    41 ||    80

Table legend:
 A = Non-vault XP
 B = Vault XP
 C = Vault XP percentage of total XP
 D = Non-vault monster count
 E = Vault monster count
 F = Vault count percentage of total count
                 A         B        C        D         E       F
            +---------+---------+-------+---------+---------+-------
      Total |     169 |      43 |  20.3 |      54 |       4 |   6.9
            +---------+---------+-------+---------+---------+-------
        D:1 |      36 |       6 |  14.3 |      23 |       3 |  11.5
        D:2 |      84 |      37 |  30.6 |      23 |       1 |   4.2
        D:3 |      49 |       0 |   0.0 |       8 |       0 |   0.0
            +---------+---------+-------+---------+---------+-------
